Map: Winter Madness LE

Players

Zophiel

  • Race: Terran Terran
  • Spawn Location: 11:00

JoeMamasUgly - Winner!

  • Race: Terran Terran
  • Spawn Location: 5:00

VOD

Have the link to the VOD?

Description

Time

  • Played on: Dec. 27, 2025, 10:40 p.m.
  • Length: 18:54
Show
View Real Time Build Order
Export as new Build Order

Zophiel Terran 

Build Orders:  

Get SALT Encoding   

  12  0:55  SCV, Supply Depot  
  13  1:19  Supply Depot  
  13  1:23  SCV  
  14  1:35  SCV  
  15  1:46  Barracks  
  15  1:47  SCV  
  16  1:59  SCV  
  16  2:31  Command Center  
  16  2:34  Barracks  
  16  2:35  SCV  
  17  2:44  Refinery  
  17  2:47  SCV  
  18  2:59  SCV  
  19  3:11  SCV  
  20  3:23  SCV  
  21  3:36  SCV  
  22  3:44  SCV  
  22  3:48  SCV  
  24  3:56  SCV  
  24  4:00  SCV  
  26  4:07  Barracks  
  26  4:08  SCV  
  27  4:12  Barracks Reactor, SCV  
  28  4:20  Barracks Reactor, SCV  
  29  4:24  SCV  
  30  4:32  SCV  
  30  4:37  SCV  
  32  4:44  SCV  
  33  4:49  SCV  
  34  4:55  Barracks  
  34  4:56  SCV  
  35  5:01  SCV  
  36  5:08  SCV  
  36  5:12  Barracks Reactor  
  37  5:19  Refinery  
  37  5:24  SCV  
  37  5:27  Refinery  
  38  5:36  SCV  
  38  5:42  SCV  
  40  5:48  SCV  
  41  5:51  Supply Depot  
  41  5:54  SCV  
  42  5:57  Marine x3  
  42  5:58  Marine  
  46  6:12  SCV, Marine x3  
  46  6:13  SCV  
  46  6:14  Supply Depot  
  46  6:15  Marine x3  
  54  6:19  Supply Depot  
  54  6:35  Marine x4  
  54  6:36  SCV  
  54  6:37  Supply Depot  
  59  6:41  Supply Depot  
  59  6:48  Factory  
  59  6:49  Orbital Command  
  59  6:52  Orbital Command  
  59  7:04  Supply Depot x2  
  59  7:06  Marine x3  
  59  7:07  Marine x4  
  66  7:23  Engineering Bay  
  66  7:24  Marine x4  
  66  7:25  Marine x3  
  66  7:26  Supply Depot  
  66  7:28  Supply Depot  
  73  7:42  Marine x5  
  73  7:43  Marine x2  
  80  7:50  Factory Tech Lab  
  80  7:56  Factory Reactor  
  80  7:59  Marine  
  80  8:00  Marine x5  
  80  8:01  Marine  
  87  8:06  Supply Depot  
  87  8:16  Terran Infantry Weapons Level 1  
  87  8:17  Marine x2  
  87  8:18  Marine x5  
  94  8:27  Missile Turret  
  94  8:28  Supply Depot  
  94  8:36  Marine  
  94  8:37  Hellion x2  
  99  8:43  Marine x6  
  105  8:51  Missile Turret, Supply Depot  
  105  8:54  Marine  
  106  8:58  Hellion x2  
  106  8:59  Starport  
  106  9:00  Marine  
  106  9:01  Marine x5  
  116  9:12  Marine  
  116  9:14  Supply Depot  
  117  9:18  Marine x2  
  117  9:19  Hellion, Marine x4  
  117  9:20  Hellion  
  127  9:30  Marine  
  128  9:36  Marine x3  
  128  9:37  Marine x3  
  134  9:41  Medivac, Hellion x2  
  140  9:47  Marine  
  141  9:53  SCV  
  141  9:54  Marine x5  
  141  9:55  Marine  
  148  10:05  SCV  
  148  10:06  Marine  
  150  10:10  Neosteel Armor  
  150  11:26  Marine x2  
  150  11:28  Marine x2  
  150  11:31  SCV  
  150  11:32  Medivac  
  150  11:34  Marine x3  
  126  11:43  SCV  
  84  11:50  Hi-Sec Auto Tracking  
  63  11:55  SCV  
  59  12:02  Medivac  
  59  12:04  Marine x3  
  59  12:05  Marine x4  
  59  12:07  SCV  
  69  12:19  SCV  
  69  12:22  Marine x4  
  72  12:23  Marine x3  
  72  12:25  Factory  
  77  12:32  Medivac  
  79  12:40  Marine x5  
  79  12:41  Marine x2  
  86  12:47  Terran Infantry Armor Level 1  
  86  12:51  Command Center  
  86  12:58  Marine x5  
  89  13:01  Missile Turret  
  89  13:02  Medivac  
  93  13:16  Factory Tech Lab  
  93  13:20  Marine  
  93  13:21  Missile Turret, Marine x6  
  100  13:32  Medivac  
  102  13:38  Marine x2  
  102  13:39  Marine x5  
  109  13:44  Missile Turret  
  109  13:56  Marine x3  
  109  13:57  Marine x4  
  116  14:12  SCV  
  116  14:14  Marine x5  
  116  14:15  Marine  
  116  14:16  Marine  
  124  14:24  SCV  
  125  14:32  Marine x5  
  125  14:37  SCV  
  131  14:39  Cyclone  
  134  14:49  SCV  
  134  14:51  Marine  
  134  14:52  Marine x6  
  142  15:01  SCV  
  143  15:09  Marine x3  
  143  15:11  Cyclone  
  143  15:12  Marine  
  143  15:13  Marine x3  
  153  15:27  Marine x3  
  156  15:30  Marine x2  
  156  15:31  Supply Depot, Marine x2  
  160  15:43  Cyclone  
  160  15:45  Marine x3  
  160  15:48  Marine x3  
  160  15:49  Marine  
  168  15:54  Supply Depot  
  165  16:03  Marine x3  
  168  16:06  Marine x4  
  172  16:15  Cyclone  
  172  16:17  Supply Depot  
  175  16:20  Marine  
  175  16:21  Marine x2  
  175  16:24  Marine x4  
  182  16:38  Marine x2  
  182  16:39  Marine  
  185  16:41  Marine  
  185  16:42  Marine x3  
  189  16:47  Cyclone  
  189  16:56  Marine x2  
  116  17:19  Siege Tank  
  109  17:30  Marine x5  
  109  17:31  Marine x2  
  114  17:48  Marine x5  
  107  18:08  Marine x4  
  107  18:09  Marine x3  
  100  18:26  Marine x5  
  100  18:27  Marine x2  
Show
View Real Time Build Order
Export as new Build Order

JoeMamasUgly Terran - Winner!

Build Orders:  

Get SALT Encoding   

  12  0:12  Supply Depot  
  12  0:30  SCV  
  13  0:35  Engineering Bay  
  13  0:42  SCV  
  14  0:49  Barracks  
  14  1:10  SCV  
  15  1:22  SCV  
  16  1:34  SCV  
  17  1:40  Marine  
  17  1:44  Command Center  
  18  1:58  Marine  
  19  2:10  Bunker  
  19  2:16  Marine  
  20  2:36  Orbital Command  
  20  2:51  Refinery  
  20  3:01  Refinery  
  20  3:04  Refinery  
  20  3:09  Refinery  
  20  3:13  Orbital Command  
  20  3:21  SCV  
  20  3:26  Supply Depot  
  21  3:33  SCV  
  22  3:44  Barracks Reactor  
  22  3:45  SCV  
  23  3:49  Supply Depot  
  23  3:55  SCV  
  24  3:57  SCV  
  25  4:07  SCV  
  26  4:14  SCV  
  27  4:17  Factory  
  27  4:19  SCV  
  27  4:22  Terran Infantry Weapons Level 1  
  28  4:26  SCV  
  28  4:31  SCV  
  30  4:38  SCV  
  30  4:43  SCV  
  32  4:50  SCV  
  33  4:55  SCV  
  34  5:02  Reaper  
  34  5:03  Reaper  
  36  5:17  Missile Turret  
  36  5:23  Missile Turret  
  36  5:32  Bunker  
  36  5:34  Reaper  
  36  5:35  Reaper  
  38  5:37  Missile Turret  
  38  5:43  Missile Turret  
  38  5:50  Starport  
  38  6:07  Reaper x2  
  40  6:17  Command Center  
  40  6:19  Armory  
  40  6:26  Factory Tech Lab  
  40  6:27  Starport  
  40  6:39  Marine, Reaper  
  42  6:45  Bunker  
  42  6:56  Marine  
  43  7:10  Marine  
  43  7:14  Marine  
  45  7:16  Factory, Fusion Core  
  45  7:27  Missile Turret  
  45  7:28  Marine  
  46  7:41  Marine  
  47  7:46  Marine  
  48  7:53  Starport Reactor  
  48  7:55  Terran Vehicle Weapons Level 1  
  48  7:56  Starport Tech Lab  
  48  7:59  Marine  
  48  8:00  Terran Infantry Weapons Level 2  
  52  8:11  Thor  
  55  8:38  Refinery, Planetary Fortress  
  55  8:44  Thor  
  55  8:54  Thor  
  61  8:58  Weapon Refit  
  61  9:37  Thor  
  67  9:49  Terran Vehicle And Ship Armor Level 1  
  67  10:16  Terran Infantry Armor Level 1  
  67  10:31  Caduceus Reactor  
  67  11:02  Supply Depot  
  67  11:04  Supply Depot  
  67  11:08  Supply Depot  
  67  11:24  Siege Tank  
  70  11:25  Viking  
  68  11:43  Terran Ship Weapons Level 1  
  56  11:56  Hellbat  
  57  12:04  Command Center  
  57  12:07  Marine x2  
  59  12:10  Hi-Sec Auto Tracking  
  59  12:13  Supply Depot  
  59  12:14  Supply Depot  
  59  12:17  Thor, Supply Depot  
  65  12:25  Marine x2  
  67  12:42  Marine  
  67  12:43  Marine  
  69  13:00  Thor, Marine x2  
  77  13:07  Neosteel Armor  
  77  13:37  Viking x2  
  77  13:40  Battlecruiser  
  87  13:43  Siege Tank  
  90  14:06  Planetary Fortress  
  90  14:07  Viking x2  
  94  14:28  Reaper  
  94  14:29  Reaper  
  96  14:37  Viking x2  
  100  14:45  Battlecruiser  
  106  15:00  Reaper  
  106  15:01  Reaper  
  108  15:07  Viking x2  
  112  15:24  Command Center  
  112  15:30  Supply Depot  
  112  15:33  Reaper x2  
  112  15:34  Supply Depot  
  114  15:37  Medivac  
  114  15:38  Supply Depot  
  116  15:51  Medivac  
  116  15:52  Battlecruiser  
  122  16:05  Reaper x2  
  122  16:07  Medivac  
  126  16:21  Medivac  
  128  16:56  Battlecruiser  
Tags
 
Matchup
TvT
Race
Terran
Spawn Locations
Cross Positions
Add a new tag
Caveats
  • Supply blocks, unpowered buildings, or Contaminate may cause inaccurate times.
  • Supply counts are checked every 10 seconds.